 Dungeon Crawl Stone Soup version 0.31-a0-700-gf13585253f (webtiles) character file.

Game seed: 15428543804838937969

455 qw the Shooter (level 7, -1/44 HPs)
             Began as a Gargoyle Hunter on Sept 7, 2023.
             Slain by an ogre
             ... wielding a +0 giant club
              (21 damage)
             ... on level 4 of the Dungeon.
             The game lasted 00:01:17 (3435 turns).

qw the Shooter (Gargoyle Hunter)                    Turns: 3435, Time: 00:01:18

Health: -1/44      AC: 10    Str: 15    XL:     7   Next: 5%
Magic:  7/7        EV: 11    Int:  9    God:
Gold:   214        SH:  0    Dex: 15    Spells: 6/6 levels left

rFire   . . .        Y - +1 shortbow (flame)
rCold   + . .        (shield currently unavailable)
rNeg    + . .        f - +0 ring mail
rPois   inf          (no helmet)
rElec   +            (no cloak)
rCorr   .            (no gloves)
SInv    .            (no boots)
Will    .....        e - amulet of the acrobat
Stlth   +            b - ring of protection from cold
HPRegen 0.27/turn    (no ring)
MPRegen 0.10/turn

%: acrobat
@: no status effects
A: sickness immunity, AC +4, negative energy resistance 1, electricity
resistance, torment resistance 1, petrification resistance
a: no special abilities


You were on level 4 of the Dungeon.
You visited 1 branch of the dungeon, and saw 5 of its levels.

You collected 214 gold pieces.


Innate Abilities, Weirdness & Mutations

You are immune to sickness and miasma.
Your stone body is resilient. (AC +4)
You are immune to poison.
You resist negative energy. (rN+)
You are resistant to electric shocks. (rElec)
You are resistant to unholy torment.
You are immune to petrification.


   Skills:
 - Level 4.5 Fighting
 + Level 7.2 Ranged Weapons
 - Level 1.0 Armour
 - Level 1.5 Dodging
 - Level 1.1 Stealth


You had 6 spell levels left.
You didn't know any spells.
Your spell library was empty.

Inventory:

Hand Weapons
 Y - a +1 shortbow of flaming (weapon)
Armour
 f - a +0 ring mail (worn)
Jewellery
 b - a ring of protection from cold (left hand)
 e - an amulet of the acrobat (around neck)
Scrolls
 a - a scroll of identify
Potions
 k - a potion of curing

Dungeon Overview and Level Annotations

Branches:
Dungeon (5/15)
 Temple: D:4-7

Altars:
Nemelex Xobeh

Shops:
D:1 [


Message History

Enter note:
Enter note:
Enter note:
Enter note:
Enter note:
Enter note:
Enter note:
Enter note:
Enter note:
Enter note:
Enter note:
Enter note:
Enter note:
Enter note:
Enter note:
Enter note:
Enter note:
Enter note:
Enter note: You start resting.
HP restored.
Done exploring.
What level of the Dungeon? (default 5, ? - help)
You climb downwards.
The ogre hits you with a +0 giant club!!
Ouch! That really hurt!
There is a stone staircase leading up here.
You shoot an arrow. The arrow hits the ogre!
The arrow burns the ogre.
The ogre is moderately wounded.
The ogre barely misses you.
You shoot an arrow. The arrow barely misses the ogre.
The ogre barely misses you.
You shoot an arrow. The arrow hits the ogre.
The arrow burns the ogre.
The ogre is heavily wounded.
You shoot an arrow. The arrow completely misses the ogre.
The ogre closely misses you.
You shoot an arrow. The arrow hits the ogre.
The arrow burns the ogre.
The ogre is severely wounded.
The ogre hits you with a +0 giant club!!
You die...

##.##.# #.#
##.#.#.###.#########.
##.##.# #.#
#g>###...........# ##
##.##.###.#
#.O###.###O#####.#
##.##.....# #......#
#.# #.# # ##.#####..#
#....### #.# #># #
##.# #..###.#### #.#
#.#### ##.#
#....<....# #.#
#..... ...#
#.####....#####.#
#..### ####
#.###....@......#
#..# #
#.......O...#####
#..# # #####.......#
#..# # ##....### #..#
# #....# #..# # ###
#.#### #..# # ..#
##### #.# #..# # ..#
#...#####.# #..# #
..# #.#.......# #..#
#


You could see an ogre.

Vanquished Creatures
  Edmund (D:4)
  A phantom (D:4)
  A gnoll bouda (D:4)
  An iguana (D:4)
  2 orc wizards (D:3)
  5 gnolls (D:4)
  4 adders
  A shadow imp (D:4)
  4 dart slugs
  A worm (D:2)
  3 orcs
  7 ball pythons
  6 endoplasms
  2 giant cockroaches (D:1)
  3 goblins
  6 hobgoblins
  4 jackals (D:1)
  9 kobolds
  5 quokkas
  4 bats
  6 frilled lizards
  4 rats
80 creatures vanquished.

Notes
Turn   | Place    | Note
-------+----------+-------------------------------------------
     0 | D:1      | qw the Gargoyle Hunter began the quest for the Orb.
     0 | D:1      | Reached XP level 1. HP: 12/12 MP: 1/1
     0 | D:1      | 0 ||| qw: Version: 0.3-a-76-g4403597
     0 | D:1      | 0 ||| qw: Game counter: 704
     0 | D:1      | 0 ||| qw: Melee chars always use a shield: true
     0 | D:1      | 0 ||| qw: God list: Okawaru
     0 | D:1      | 0 ||| qw: Allow faded altars: false
     0 | D:1      | 0 ||| qw: Do Orc after clearing Dungeon:15 true
     0 | D:1      | 0 ||| qw: Do second Lair branch before Depths: true
     0 | D:1      | 0 ||| qw: Lair rune preference: random
     0 | D:1      | 0 ||| qw: Goals: Normal
     0 | D:1      | 0 ||| PLANNING D:1-11
    71 | D:1      | Noticed an animated crystal plate armour
    75 | D:1      | Found Toblorr's Armour Shoppe.
    78 | D:1      | Noticed an animated plate armour
    86 | D:1      | 86 ||| SHOPLISTING +3 acid dragon scales "Ocyzemm" {Harm
                  | rCorr Int+3} (683 gold, have 28).
    86 | D:1      | 86 ||| SHOPLISTING +4 ring mail of cold resistance (310
                  | gold, have 28).
   112 | D:1      | Reached XP level 2. HP: 16/17 MP: 2/2
   286 | D:1      | Found a faded altar of an unknown god.
   298 | D:1      | Reached XP level 3. HP: 21/21 MP: 3/3
   416 | D:1      | 416 ||| UPGRADING to +0 ring mail.
   446 | D:1      | 446 ||| DROPPING +0 leather armour.
   634 | D:1      | Reached skill level 1 in Armour
   641 | D:1      | Reached skill level 5 in Ranged Weapons
   813 | D:1      | 813 ||| UPGRADING to amulet of the acrobat.
   818 | D:1      | 818 ||| DROPPING amulet of magic regeneration.
   819 | D:1      | 819 ||| READING scroll labelled UXKOQEM CUWIJU.
   820 | D:1      | 820 ||| READING scroll labelled QUOHEO CYLUXO.
   821 | D:1      | 821 ||| READING scroll labelled OPYR KEKOODGH.
   822 | D:1      | 822 ||| READING scroll labelled CEONANNU UN TEMO.
   823 | D:1      | 823 ||| READING 4 scrolls labelled VAAMUCVEU CION.
   824 | D:1      | 824 ||| DROPPING scroll of butterflies.
   825 | D:1      | 825 ||| DROPPING 3 scrolls of immolation.
  1232 | D:2      | Reached XP level 4. HP: 27/27 MP: 4/4
  1264 | D:2      | Reached skill level 3 in Fighting
  1647 | D:2      | 1647 ||| DROPPING amulet of guardian spirit.
  1648 | D:2      | 1648 ||| UPGRADING to ring of protection from cold.
  1649 | D:2      | 1649 ||| READING scroll labelled RORELORRIU.
  1778 | D:3      | Found a sparkling altar of Nemelex Xobeh.
  1844 | D:3      | Reached XP level 5. HP: 32/32 MP: 5/5
  2192 | D:3      | 2192 ||| READING 3 scrolls of identify.
  2192 | D:3      | 2192 ||| IDENTIFYING white potion
  2193 | D:3      | 2193 ||| READING 2 scrolls of identify.
  2193 | D:3      | 2193 ||| IDENTIFYING dark potion
  2194 | D:3      | 2194 ||| DROPPING potion of berserk rage.
  2286 | D:4      | HP: 7/32 [iguana (6)]
  2288 | D:4      | Reached skill level 6 in Ranged Weapons
  2638 | D:4      | Noticed a phantom
  2644 | D:4      | Killed a phantom
  2645 | D:4      | Reached XP level 6. HP: 39/39 MP: 6/6
  2668 | D:4      | 2668 ||| Stepping ~*~*~tactically~*~*~ (outnumbered).
  2677 | D:4      | 2677 ||| FLEEEEING.
  2678 | D:4      | 2678 ||| FLEEEEING.
  2860 | D:4      | Noticed Edmund
  2875 | D:4      | Killed Edmund
  3121 | D:4      | 3121 ||| READING 2 scrolls labelled JOHOUF OTRUTHRI.
  3126 | D:4      | 3126 ||| READING scroll labelled KYCHEI JAQAXT.
  3127 | D:4      | 3127 ||| READING scroll labelled PEV GUDOFAESKU.
  3228 | D:4      | 3228 ||| READING scroll labelled HUFFUZ QYMNEXO.
  3229 | D:4      | 3229 ||| DRINKING 2 murky orange potions.
  3230 | D:4      | 3230 ||| DRINKING 2 potions of curing.
  3230 | D:4      | 3230 ||| (to cure confusion)
  3231 | D:4      | 3231 ||| READING 3 scrolls of identify.
  3231 | D:4      | 3231 ||| IDENTIFYING pink potion
  3232 | D:4      | 3232 ||| READING 2 scrolls of identify.
  3232 | D:4      | 3232 ||| IDENTIFYING fuming golden potion
  3233 | D:4      | 3233 ||| DROPPING potion of ambrosia.
  3234 | D:4      | 3234 ||| DROPPING potion of magic.
  3262 | D:5      | Entered Level 5 of the Dungeon
  3264 | D:5      | 3264 ||| STAIRDANCE
  3268 | D:4      | Reached skill level 7 in Ranged Weapons
  3270 | D:5      | 3270 ||| STAIRDANCE
  3279 | D:5      | 3279 ||| STAIRDANCE
  3293 | D:5      | 3293 ||| STAIRDANCE
  3297 | D:4      | HP: 9/39 [gnoll bouda/+0 club (1)]
  3298 | D:4      | 3298 ||| READING scroll of teleportation.
  3298 | D:4      | HP: 2/39 [gnoll bouda/+0 club (4)]
  3299 | D:4      | 3299 ||| DRINKING potion of heal wounds.
  3344 | D:4      | Reached XP level 7. HP: 21/44 MP: 7/7
  3350 | D:4      | 3350 ||| FLEEEEING.
  3351 | D:4      | 3351 ||| FLEEEEING.
  3352 | D:4      | 3352 ||| FLEEEEING.
  3353 | D:4      | 3353 ||| FLEEEEING.
  3358 | D:4      | 3358 ||| STAIRDANCE
  3435 | D:4      | Slain by an ogre

Levels and vault maps discovered:
D:1:      dpeg_arrival_arbitrary_a, layout_basic,
          nicolae_ecumenical_snake_handling, serial_shops,
          nicolae_shop_mannequins, minmay_misc_feat_diagonals
D:2:      layout_basic
D:3:      layout_basic, lemuel_tele_altar, eino_curves_04,
          hangedman_abyss_or_decor_stabs
D:4:      layout_loops_ring, kennysheep_generic_room_13, uniq_edmund
D:5:      layout_rooms, amcnicky_altar_gilded, minmay_diced_spiral

Skill      XL: |  1  2  3  4  5  6 |
---------------+-------------------+-----
Armour         | 1 |  1.0
Ranged Weapons | 5 6 7 |  7.2
Fighting       | 3 4 |  4.5
Dodging        | |  1.5
Stealth        | |  1.1

Action                     |  1- 3 |  4- 6 |  7- 9 || total
---------------------------+-------+-------+-------++-------
   Fire: Shortbow          |   126 |   156 |     5 ||   287
    Use: Scroll            |     5 |    10 |       ||    15
         Potion            |       |     3 |       ||     3
 Armour: Leather armour    |    28 |       |       ||    28
         Ring mail         |    14 |    64 |     2 ||    80
         Skin              |     3 |       |       ||     3
  Dodge: Dodged            |    48 |    52 |     3 ||   103

Table legend:
 A = Non-vault XP
 B = Vault XP
 C = Vault XP percentage of total XP
 D = Non-vault monster count
 E = Vault monster count
 F = Vault count percentage of total count
                 A         B        C        D         E       F
            +---------+---------+-------+---------+---------+-------
      Total |     495 |     156 |  24.0 |      73 |       7 |   8.8
            +---------+---------+-------+---------+---------+-------
        D:1 |      46 |       7 |  13.2 |      27 |       4 |  12.9
        D:2 |      57 |       0 |   0.0 |      18 |       0 |   0.0
        D:3 |      81 |       0 |   0.0 |       8 |       0 |   0.0
        D:4 |     311 |     149 |  32.4 |      20 |       3 |  13.0
            +---------+---------+-------+---------+---------+-------
